 Dungeon Crawl Stone Soup version 0.22.1-1-ga44c0e56f4 (webtiles) character file.

122 Gargoyl the Skirmisher (level 4, -4/40 HPs)
             Began as a Centaur Abyssal Knight on Oct 19, 2018.
             Was a Believer of Lugonu.
             Slain by a sky beast (5 damage)
             ... on level 3 of the Dungeon.
             The game lasted 00:05:25 (2002 turns).

Gargoyl the Skirmisher (Centaur Abyssal Knight)     Turns: 2002, Time: 00:05:26

Health: -4/40      AC:  7    Str: 14    XL:     4   Next: 78%
Magic:  6/6        EV:  7    Int: 11    God:    Lugonu [**....]
Gold:   228        SH:  3    Dex: 10    Spells: 3/3 levels left

rFire    . . .     SeeInvis .   a - +1 hand axe
rCold    . . .     Gourm    .   g - +0 buckler
rNeg     . . .     Faith    .   s - +0 ring mail
rPois    .         Spirit   .   (no helmet)
rElec    .         Reflect  .   u - +0 cloak
rCorr    .         Harm     .   (no gloves)
MR       +....                  (no barding)
Stlth    ..........             (no amulet)
HPRegen  0.13/turn              r - ring of protection from magic
MPRegen  0.10/turn              (no ring)

@: very quick
A: large, hooves 3, deformed body, speed 2, tough skin 3
a: Depart the Abyss, Bend Space, Renounce Religion


You were on level 3 of the Dungeon.
You worshipped Lugonu.
Lugonu was pleased with you.
You were not hungry.

You visited 1 branch of the dungeon, and saw 3 of its levels.
You visited the Abyss 1 time.

You collected 228 gold pieces.

Inventory:

Hand Weapons
 a - a +1 hand axe (weapon)
Armour
 g - a +0 buckler (worn)
 s - a +0 ring mail (worn)
 u - a +0 cloak (worn)
Jewellery
 r - a ring of protection from magic (left hand)
Scrolls
 b - a scroll of fear
 d - 4 scrolls of identify
 h - a scroll of magic mapping {unknown}
 j - 2 scrolls of enchant weapon {unknown}
 m - 2 scrolls of amnesia {unknown}
 q - a scroll of fog {unknown}
 v - a scroll of noise {unknown}
 y - a scroll of immolation {unknown}
 A - 2 scrolls of remove curse {unknown}
 B - 3 scrolls of teleportation {unknown}
Potions
 e - a potion of haste
 f - 2 potions of curing
 i - a potion of heal wounds {unknown}
 k - a potion of might {unknown}
 l - a potion of resistance {unknown}
 n - 2 potions of flight {unknown}
 o - 2 potions of lignification {unknown}
 p - 2 potions of cancellation {unknown}
 t - a potion of agility {unknown}
 w - a potion of mutation {unknown}
 x - a potion of ambrosia {unknown}
Comestibles
 c - 5 rations


   Skills:
 + Level 4.1 Fighting
 + Level 2.3 Axes
 * Level 2.2 Armour
 + Level 1.1 Dodging
 * Level 2.6 Invocations


You had 3 spell levels left.
You didn't know any spells.
Your spell library was empty.

Dungeon Overview and Level Annotations

Branches:
Dungeon (3/15)

Altars:
Wu Jian
Zin


Innate Abilities, Weirdness & Mutations

You have hooves in place of feet.
Armour fits poorly on your strangely shaped body.
You cover ground very quickly.
You have extremely tough skin. (AC +3)


Message History

Something hits you but does no damage.
You miss something. You kick something. Something hits you but does no damage.
Something hits you. Something shocks you.
You closely miss something. Something hits you. Something shocks you.
You miss something. Something hits you. Something shocks you.
* * * LOW HITPOINT WARNING * * *
You miss something. Something hits you but does no damage.
You miss something. Something hits you.
* * * LOW HITPOINT WARNING * * *
Something shocks you.
* * * LOW HITPOINT WARNING * * *
You barely miss something.
A sky beast appears from thin air!
Reactivating autopickup.
The sky beast hits you but does no damage.
The sky beast flickers out of sight!
Deactivating autopickup; reactivate with Ctrl-A.
Something hits you.
* * * LOW HITPOINT WARNING * * *
Something shocks you.
You die...

#. #.#
#######
#.#
#......
#.# ##
#.#####
#.# #%#
#.#
#.###.##
#.#
#<.....#
#.#
#..@{..#
###
#.##..?#
#.##.###
####
#.##.###
#...
#.##.#.#
##.##
#.##...#
#....
#.##...#
#..#>
#.#....#
#..#.
#......#
#..#.


There were no monsters in sight!

Vanquished Creatures
  5 adders
  3 oozes
  A dart slug (D:1)
  4 giant cockroaches (D:1)
  6 goblins
  6 hobgoblins
  3 jackals
  A quokka (D:2)
  3 ball pythons
  13 bats
  4 frilled lizards
  7 kobolds (D:2)
  6 rats
62 creatures vanquished.

Notes
Turn   | Place    | Note
-------+----------+-------------------------------------------
     0 | Abyss:1  | Gargoyl the Centaur Abyssal Knight began the quest for the
                  | Orb.
     0 | Abyss:1  | Reached XP level 1. HP: 19/19 MP: 2/2
    97 | Abyss:2  | Noticed a small abomination
   126 | Abyss:2  | Noticed a neqoxec
   135 | D:1      | Escaped the Abyss
   192 | D:1      | Reached * piety under Lugonu
   292 | D:1      | Reached XP level 2. HP: 24/26 MP: 3/3
   770 | D:2      | Reached XP level 3. HP: 32/33 MP: 4/4
  1022 | D:2      | Reached skill level 4 in Fighting
  1223 | D:2      | Reached ** piety under Lugonu
  1317 | D:2      | Reached XP level 4. HP: 37/40 MP: 5/5
  1380 | D:2      | Found an ornate altar of the Wu Jian Council.
  1518 | D:2      | Found a glowing silver altar of Zin.
  1518 | D:2      | Noticed an angel
  1764 | D:3      | Reached skill level 1 in Dodging
  1989 | D:3      | Noticed a sky beast
  2001 | D:3      | HP: 2/40 [something (6)]
  2002 | D:3      | Slain by a sky beast

Skill      XL: |  1  2  3  4 |
---------------+-------------+-----
Axes           | 2 |  2.3
Fighting       | 4 |  4.1
Armour         | 2 |  2.2
Dodging        | 1 |  1.1
Invocations    | |  2.6

Action                   |  1- 3 |  4- 6 || total
-------------------------+-------+-------++-------
Melee: Hand axe          |   112 |    70 ||   182
       Kick              |    23 |    11 ||    34
Invok: Depart the Abyss  |     1 |       ||     1
  Use: Scroll            |     2 |       ||     2
       Potion            |     1 |       ||     1
  Eat: Chunk             |       |     2 ||     2
Armor: Leather armour    |    45 |       ||    45
       Ring mail         |    52 |    73 ||   125
Dodge: Dodged            |    53 |    32 ||    85
Block: Buckler           |    15 |    11 ||    26
